 Dungeon Crawl Stone Soup version 0.27-a0-1182-gee19b5822f (webtiles) character file.

Game seed: 5172523964908226507

4192 EldarEldrad the Cleaver (level 10, -15/121 HPs)
             Began as a Minotaur Berserker on May 18, 2021.
             Was a Priest of Trog.
             Demolished by a death knight
             ... wielding a +3 halberd
              (18 damage)
             ... on level 8 of the Dungeon.
             The game lasted 00:28:29 (8528 turns).

EldarEldrad the Cleaver (Minotaur Berserker)        Turns: 8528, Time: 00:28:29

Health: -15/121    AC:  9    Str: 24    XL:     10   Next: 8%
Magic:  9/9        EV: 14    Int:  4    God:    Trog [***...]
Gold:   124        SH:  0    Dex: 11    Spells: 9/9 levels left

rFire    . . .     SeeInvis .   a - +0 war axe
rCold    . . .     Faith    .   (no shield)
rNeg     . . .     Spirit   .   k - +0 scale mail
rPois    .         Reflect  .   (helmet restricted)
rElec    .         Harm     .   (no cloak)
rCorr    .         Rampage  .   i - +0 pair of gloves
Will     ++...                  (no boots)
Stlth    ..........             (no amulet)
HPRegen  1.30/turn              t - +4 ring of evasion
MPRegen  0.11/turn              (no ring)

@: berserking, strong-willed, regenerating, very quick
A: horns 2, retaliatory headbutt
a: Renounce Religion, Berserk, Trog's Hand


You were on level 8 of the Dungeon.
You worshipped Trog.
Trog was most pleased with you.
You visited 2 branches of the dungeon, and saw 9 of its levels.

You collected 376 gold pieces.
You spent 252 gold pieces at shops.

Inventory:

Hand Weapons
 a - a +0 war axe (weapon)
 b - a +0 flail
Missiles
 h - 15 poisoned darts (quivered)
 v - a curare-tipped dart
Armour
 i - a +0 pair of gloves (worn)
 k - a +0 scale mail (worn)
 y - a +0 plate armour
 E - a +0 chain mail
Jewellery
 t - a +4 ring of evasion (left hand)
Wands
 p - a wand of iceblast (6)
 A - a wand of flame (18)
Scrolls
 e - 2 scrolls of blinking {unknown}
 f - 2 scrolls of torment {unknown}
 g - 3 scrolls of noise {unknown}
 j - a scroll of amnesia {unknown}
 n - a scroll of silence {unknown}
 r - a scroll of enchant armour {unknown}
 s - a scroll of vulnerability {unknown}
 u - 3 scrolls of teleportation {unknown}
 w - a scroll of summoning {unknown}
 x - a scroll of brand weapon {unknown}
 D - 2 scrolls of identify
 F - 2 scrolls of immolation {unknown}
 G - a scroll of magic mapping {unknown}
Potions
 c - 3 potions of invisibility {unknown}
 d - a potion of magic
 l - 5 potions of curing
 m - 2 potions of brilliance {unknown}
 o - 3 potions of lignification
 q - a potion of haste {unknown}
 z - a potion of flight
 B - 2 potions of heal wounds
 C - 3 potions of attraction


   Skills:
 - Level 5.0 Fighting
 * Level 13.4 Axes
 + Level 9.2 Armour
 - Level 2.1 Dodging
 + Level 4.1 Evocations


You had 9 spell levels left.
You didn't know any spells.
Your spell library was empty.

Dungeon Overview and Level Annotations

Branches:
Dungeon (8/15)             Temple (1/1) D:6
   Lair: D:8-11

Altars:
Ashenzari
Dithmenos
Elyvilon
Fedhas
Gozag
Hepliaklqana
Kikubaaqudgha
Makhleb
Nemelex Xobeh
Qazlal
Ru
Sif Muna
Trog
Uskayaw
Vehumet
Wu Jian
Xom
Yredelemnul
Zin

Shops:
D:6 (!


Innate Abilities, Weirdness & Mutations

You have a pair of horns on your head.
You reflexively headbutt those who attack you in melee.


Message History

The death knight hits you from afar with a +3 halberd!!
You slash the centaur zombie!
You destroy the centaur zombie!
Trog accepts your kill.
The death knight hits you with a +3 halberd!
The orc wizard hits you but does no damage.
There is an open door, spattered with blood here.
You see here a +0 short sword.
You closely miss the orc wizard. Your headbutt misses the orc wizard.
You slice the cyclops!! You barely miss the death knight.
The death knight hits you with a +3 halberd!!
The cyclops hits you! The orc wizard misses you. You furiously retaliate!
You headbutt the orc wizard!
You kill the orc wizard!
Trog accepts your kill.
Trog appreciates your killing of a magic user.
You slash the cyclops!
The cyclops is severely wounded.
You hit the death knight.
The death knight reflects your damage back at you!
You slice the cyclops!! You headbutt the cyclops.
You kill the cyclops!
Trog accepts your kill.
You hit the death knight but do no damage.
The death knight hits you with a +3 halberd!!
* * * LOW HITPOINT WARNING * * *
Your Evocations skill increases to level 4!
You have reached level 10!
You barely miss the death knight.
The death knight is lightly wounded.
You barely miss the death knight. You headbutt the death knight!
The death knight is lightly wounded.
The death knight reflects your damage back at you!
* * * LOW HITPOINT WARNING * * *
The death knight hits you with a +3 halberd!
* * * LOW HITPOINT WARNING * * *
You closely miss the death knight.
The death knight is lightly wounded.
The death knight hits you with a +3 halberd!!
You die...

.###.# #.# .++#.# #+
#.#### .....# ##.##
#..... .....# #...#
#..... #.)..# .5}..
#..... #....# # #
########+## #.....
.)...# ...#.#.#.#.#...##
#).... ...#.###
.?....)#........###.....
...#...
......p@................
...#.###
......(#).......########
.....# ...#.#.#.#.#...##
..#### # # ########+##
'## .# .# .# .#


You could see a death knight (reflects damage) and a shadow imp.

Vanquished Creatures
  A cyclops (D:8)
  Eustachio (D:5)
  A steam dragon (D:7)
  A water moccasin (D:6)
  2 orc warriors
  2 ice beasts (D:5)
  A sky beast (D:8)
  3 necrophages
  2 ogres (D:5)
  3 centaurs
  3 phantoms
  A kobold brigand (D:5)
  A bullfrog (D:6)
  A wyvern zombie (D:6)
  2 gnoll sergeants (D:8)
  A water moccasin zombie (D:5)
  4 scorpions
  2 water moccasin skeletons (D:5)
  5 jellies (D:6)
  3 killer bees (D:8)
  3 wights (D:7)
  A howler monkey (D:7)
  A crimson imp (D:6)
  A bullfrog zombie (D:7)
  3 centaur zombies
  A bullfrog skeleton (D:6)
  A hound (D:5)
  A gnoll shaman (D:6)
  3 orc priests
  3 centaur skeletons
  2 iguanas
  3 orc wizards
  A scorpion zombie (D:5)
  A killer bee zombie (D:8)
  A hound zombie (D:5)
  7 adders
  7 gnolls
  A shadow imp (D:5)
  An ufetubus (D:5)
  4 worms
  7 dart slugs
  16 orcs
  2 bats
  7 endoplasms
  A giant cockroach (D:2)
  5 goblins
  8 hobgoblins
  4 jackals (D:2)
  5 kobolds
  4 quokkas
  4 ball pythons
  9 rats
158 creatures vanquished.

Notes
Turn   | Place    | Note
-------+----------+-------------------------------------------
     0 | D:1      | EldarEldrad the Minotaur Berserker began the quest for the
                  | Orb.
     0 | D:1      | Reached XP level 1. HP: 19/19 MP: 0/0
   226 | D:1      | Reached skill level 4 in Axes
   275 | D:1      | Reached XP level 2. HP: 26/27 MP: 1/1
   981 | D:2      | Found a faded altar of an unknown god.
   992 | D:2      | Reached ** piety under Trog
  1015 | D:2      | Reached XP level 3. HP: 33/33 MP: 2/2
  1335 | D:2      | Reached skill level 5 in Axes
  1496 | D:2      | Reached XP level 4. HP: 41/41 MP: 3/3
  2024 | D:3      | Found a hide-covered altar of Uskayaw.
  2025 | D:3      | Noticed a +0 falchion
  2025 | D:3      | Noticed a +0 spear
  2026 | D:3      | Noticed a +0 spear
  2026 | D:3      | Noticed a +0 short sword
  2026 | D:3      | Noticed a +0 short sword
  2027 | D:3      | Noticed a +0 dagger
  2027 | D:3      | Noticed a +0 falchion
  2027 | D:3      | Noticed a +0 dagger
  2266 | D:3      | Found a shimmering blue altar of Sif Muna.
  2326 | D:3      | Reached skill level 6 in Axes
  2347 | D:3      | Reached skill level 5 in Fighting
  2347 | D:3      | Reached XP level 5. HP: 48/48 MP: 4/4
  2596 | D:3      | Noticed a phantom
  2605 | D:3      | Killed a phantom
  2815 | D:4      | Found a hazy altar of Hepliaklqana.
  2844 | D:4      | Noticed a necrophage
  2850 | D:4      | Killed a necrophage
  2851 | D:4      | Reached skill level 7 in Axes
  2851 | D:4      | Reached XP level 6. HP: 47/56 MP: 5/5
  3435 | D:5      | Entered Level 5 of the Dungeon
  3455 | D:5      | Found a white marble altar of Elyvilon.
  3494 | D:5      | Reached skill level 8 in Axes
  3505 | D:5      | Reached XP level 7. HP: 61/61 MP: 6/6
  3525 | D:5      | Found a sacrificial altar of Ru.
  3550 | D:5      | Noticed Eustachio
  3576 | D:5      | Killed Eustachio
  3577 | D:5      | Reached skill level 9 in Axes
  3577 | D:5      | Reached skill level 5 in Armour
  3695 | D:5      | Reached *** piety under Trog
  4092 | D:5      | Reached XP level 8. HP: 68/68 MP: 7/7
  4147 | D:5      | Reached skill level 10 in Axes
  4385 | D:5      | Reached skill level 11 in Axes
  4978 | D:6      | Found a staircase to the Ecumenical Temple.
  5039 | Temple   | Entered the Ecumenical Temple
  5268 | D:6      | Reached skill level 1 in Evocations
  5306 | D:6      | Reached XP level 9. HP: 60/74 MP: 8/8
  5306 | D:6      | Found a radiant altar of Vehumet.
  5318 | D:6      | Found a burning altar of Makhleb.
  5394 | D:6      | Found a shadowy altar of Dithmenos.
  5620 | D:6      | Found Diz Zal's Distillery.
  5640 | D:6      | Bought a potion of flight for 42 gold pieces
  5640 | D:6      | Bought a potion of degeneration for 14 gold pieces
  5640 | D:6      | Bought a potion of heal wounds for 70 gold pieces
  5640 | D:6      | Bought a potion of curing for 42 gold pieces
  5669 | D:6      | Reached skill level 12 in Axes
  5978 | D:6      | Found Vikkuk's Weapon Shop.
  6421 | D:6      | Bought 2 potions of attraction for 84 gold pieces
  7247 | D:7      | Found a blossoming altar of Fedhas.
  7745 | D:8      | Reached skill level 13 in Axes
  8512 | D:8      | Noticed a cyclops
  8512 | D:8      | Noticed a death knight
  8525 | D:8      | Killed a cyclops
  8526 | D:8      | Reached XP level 10. HP: 13/81 MP: 9/9
  8527 | D:8      | HP: 3/121 [death knight/+3 halberd (7)]
  8528 | D:8      | Demolished by a death knight

Illustrated notes

Levels and vault maps discovered:
D:1:      saegor_arrival_miasma, layout_basic, minmay_misc_feat_rows
D:2:      layout_basic, ebering_ecumenical_altar_rust
D:3:      layout_loops_cross, nicolae_uskayaw_en_pointe,
          nicolae_sif_muna_little_library
D:4:      layout_loops_ring, kennysheep_little_box
D:5:      minmay_chambers_of_threes, layout_cave_pools, nicolae_ru_awakened_eye,
          nicolae_overflow_crystal_walls, uniq_eustachio
D:6:      layout_gridville, grunt_temple_overflow_lords_of_destruction,
          grunt_dithmenos_smoke_and_mirrors, temple_doors_ab, serial_shops,
          nicolae_shop_statue_plus, nicolae_shop_temple_entry_statues_fountains
D:7:      layout_gridville, lemuel_doored_altar
D:8:      wad_arrow_thing, layout_basic
Temple:   eino_temple_lava

Skill      XL: |  1  2  3  4  5  6  7  8  9 |
---------------+----------------------------+-----
Axes           | 4 5 6 7 8 9 11 13 | 13.4
Fighting       | 4 5 |  5.0
Armour         | 3 4 5 7 9 |  9.2
Evocations     | 1 4 |  4.1
Dodging        | |  2.1

Action                   |  1- 3 |  4- 6 |  7- 9 | 10-12 || total
-------------------------+-------+-------+-------+-------++-------
Melee: Hand axe          |    67 |    90 |   311 |       ||   468
       Headbutt          |     7 |    18 |    81 |     1 ||   107
       War axe           |       |       |    71 |     3 ||    74
Throw: Dart              |       |     3 |     2 |       ||     5
Invok: Berserk           |     1 |       |     6 |       ||     7
       Trog's Hand       |       |       |     5 |       ||     5
  Use: Scroll            |       |     2 |       |       ||     2
Armor: Animal skin       |     5 |     2 |       |       ||     7
       Ring mail         |       |    10 |    30 |       ||    40
       Scale mail        |       |       |    51 |       ||    51
Dodge: Dodged            |    34 |    38 |   194 |       ||   266

Table legend: (Time is in decaauts)
 A = Elapsed time spent in this place.
 B = Non-inter-level travel time spent in this place.
 C = Inter-level travel time spent in this place.
 D = Time resting spent in this place.
 E = Time spent auto-exploring this place.
 F = Levels seen in this place.
 G = Mean time per level.
                   A        B        C        D        E       F      G
               +--------+--------+--------+--------+--------+-----+--------+
         Total |   8489 |   8313 |    176 |   1608 |   5297 |   9 |  943.2 |
       Dungeon |   8415 |   8245 |    170 |   1608 |   5231 |   8 | 1051.9 |
        Temple |     73 |     67 |      6 |      0 |     66 |   1 |   73.0 |
               +--------+--------+--------+--------+--------+-----+--------+

Top non-repeatable levels by time:
     D:5: 1492 daAuts
     D:6: 1395 daAuts
     D:8: 1064 daAuts
     D:7: 1016 daAuts
     D:1: 973 daAuts
     D:2: 971 daAuts
     D:3: 828 daAuts
     D:4: 674 daAuts
  Temple: 73 daAuts
